 Dungeon Crawl Stone Soup version 0.19-a0-1889-g9c603be (webtiles) character file.

2752 zxpr0jk the Frost Mage (level 9, 0/62 HPs)
             Began as a Black Draconian Ice Elementalist on Oct 17, 2016.
             Was an Initiate of Cheibriados.
             Shot with a sling bullet by Joseph (19 damage)
             ... on level 8 of the Dungeon.
             The game lasted 00:18:51 (6240 turns).

zxpr0jk the Frost Mage (DrIE)                       Turns: 6240, Time: 00:18:52

Health: 0/62       AC: 16    Str: 11    XL:     9   Next: 41%
Magic:  18/19      EV: 12    Int: 18    God:    Cheibriados [......]
Gold:   266        SH:  0    Dex: 15    Spells: 3 memorised, 14 levels left

rFire  . . .     SeeInvis .     j - +0 long sword
rCold  . . .     Gourm    .     (armour unavailable)
rNeg   + . .     Faith    .     (no shield)
rPois  .         Spirit   .     (helmet restricted)
rElec  +         Reflect  .     (no cloak)
rCorr  .         Harm     .     y - +1 pair of gloves
MR     .....                    (no boots)
Stlth  ++........               (no amulet)
                                z - +4 ring of slaying
                                p - ring of positive energy

@: icy armour, very slow
A: breathe lightning, unfitting armour, electricity resistance, cold-blooded, AC
+7
a: Breathe Lightning, Bend Time, Renounce Religion


You were on level 8 of the Dungeon.
You worshipped Cheibriados.
Cheibriados was noncommittal.
You were not hungry.

You visited 2 branches of the dungeon, and saw 9 of its levels.
You also visited: Ossuary.

You collected 266 gold pieces.

Inventory:

Hand Weapons
 c - a +0 hunting sling
 j - a +0 long sword (weapon)
Missiles
 e - 163 stones
 k - 58 sling bullets
 o - a throwing net (quivered)
Armour
 y - a +1 pair of gloves (worn)
Jewellery
 p - a ring of positive energy (left hand)
 z - a +4 ring of slaying (right hand)
 C - an uncursed ring of protection from magic {unknown}
Wands
 h - a wand of digging (18/24)
Scrolls
 i - 2 scrolls of magic mapping {unknown}
 l - a scroll of random uselessness {unknown}
 q - 2 scrolls of enchant armour {unknown}
 r - 9 scrolls of identify
 s - 4 scrolls of remove curse
 t - a scroll of amnesia {unknown}
 u - a scroll of fear
 x - a scroll of blinking {unknown}
 G - a scroll of enchant weapon {unknown}
Potions
 f - 3 potions of cancellation
 g - 2 potions of degeneration {unknown}
 m - 2 potions of mutation {unknown}
 n - 5 potions of ambrosia
 w - 2 potions of lignification {unknown}
 B - a potion of curing
 D - a potion of cure mutation {unknown}
 E - a potion of haste {unknown}
 F - a potion of beneficial mutation {unknown}
 H - a potion of magic {unknown}
Books
 a - a book of Frost

   Spells                             Type                      Level
   a - Freeze                         Ice                          1
   b - Throw Frost                    Conjuration/Ice              2
   c - Ozocubu's Armour               Charms/Ice                   3
   d - Throw Icicle                   Conjuration/Ice              4
   e - Summon Ice Beast               Ice/Summoning                4
Comestibles
 b - 4 bread rations
 d - 11 fruits
 A - a meat ration


   Skills:
 - Level 1.7 Dodging
 - Level 1.7 Stealth
 + Level 7.1 Spellcasting
   Level 1.0 Conjurations
 * Level 10.9 Ice Magic


You had 14 spell levels left.
You knew the following spells:

 Your Spells              Type           Power        Failure   Level  Hunger
a - Freeze                Ice            ####         1%          1    None
b - Ozocubu's Armour      Chrm/Ice       ####....     3%          3    ##.....
c - Summon Ice Beast      Ice/Summ       ####....     14%         4    ####...


Dungeon Overview and Level Annotations

Branches:
Dungeon (8/15)             Temple (1/1) D:7
   Lair: D:8-11

Altars:
Cheibriados
Elyvilon
Kikubaaqudgha
Nemelex Xobeh
Sif Muna
Vehumet
Yredelemnul

Annotations:
D:3 Grinder
D:4 doublebanjo's ghost, novice VSFi
D:8 Joseph


Innate Abilities, Weirdness & Mutations

You can breathe wild blasts of lightning.
Your glossy black scales are hard. (AC +7)
You cannot fit into any form of body armour.
You are resistant to electric shocks. (rElec)
You are cold-blooded and may be slowed by cold attacks.


Message History

The leopard gecko barely misses you. The leopard gecko misses you.
You riposte.
You closely miss the leopard gecko. You tail-slap the leopard gecko.
You kill the leopard gecko!
Cheibriados thoroughly appreciates the change of pace.
No target in view!
Unknown command.
No target in view!
No target in view!
You see here a jackal corpse.
You butcher the jackal corpse.
Joseph, a Mercenary comes into view.
He is wielding a quarterstaff.
You see here a chunk of flesh.
There isn't anything to butcher here.
Joseph shouts!
Joseph unwields an uncursed quarterstaff.
Joseph wields a glowing hunting sling.
It bursts into flame!
Joseph shoots a sling bullet.
The sling bullet hits you! The sling bullet burns you.
Joseph shoots a sling bullet.
The sling bullet hits you!!
You die...

# W@ ##### #
###.######...#####
##.................
....######...#####
............#
######.######....#
#.........##.....#
#....@%...##.#...#
#.........#..#####
#........)#.##
#........)..#
#.........###
#.........#
#.><......#
#.........#
###########


You could see Joseph and a phantom (wandering).

Vanquished Creatures
  Sigmund (D:6)
  A wyvern (D:8)
  A hungry ghost (D:7)
  A phantom (D:3)
  A black bear (D:8)
  4 ogres
  A necrophage (D:6)
  2 centaurs
  Blork the orc (D:5)
  3 bullfrogs
  A wyvern zombie (D:6)
  8 scorpions
  2 howler monkeys (D:7)
  3 crimson imps
  A centaur zombie (Ossuary)
  4 orc wizards
  An orc priest (D:5)
  An iguana (D:6)
  2 worker ants
  A big kobold zombie (Ossuary)
  A hound zombie (D:6)
  A hound skeleton (D:5)
  2 mummies (Ossuary)
  9 adders
  A scorpion zombie (Ossuary)
  A shadow imp (D:6)
  An ooze (D:1)
  An adder zombie (D:8)
  A dart slug (D:2)
  5 leopard geckos
  10 orcs
  A ball python (D:5)
  5 giant cockroaches
  8 goblins
  9 hobgoblins
  3 jackals (D:8)
  5 quokkas
  8 bats
  4 frilled lizards
  A gnoll zombie (Ossuary)
  2 goblin zombies (Ossuary)
  A hobgoblin zombie (Ossuary)
  6 kobolds
  A leopard gecko skeleton (D:6)
  A leopard gecko zombie (D:7)
  An orc zombie (Ossuary)
  A quokka skeleton (D:6)
  6 rats
136 creatures vanquished.

Vanquished Creatures (collateral kills)
  3 scorpions (Ossuary)
  2 centaur zombies (Ossuary)
  A human zombie (Ossuary)
  A mummy (Ossuary)
  A scorpion zombie (Ossuary)
  A gnoll zombie (Ossuary)
  2 hobgoblin zombies (Ossuary)
  A kobold zombie (Ossuary)
12 creatures vanquished.

Vanquished Creatures (others)
  A centaur zombie (Ossuary)
  A kobold zombie (Ossuary)
2 creatures vanquished.

Grand Total: 150 creatures vanquished

Notes
Turn   | Place    | Note
-------+----------+-------------------------------------------
     0 | D:1      | zxpr0jk the Draconian Ice Elementalist began the quest for the Orb.
     0 | D:1      | Reached XP level 1. HP: 14/14 MP: 3/3
    97 | D:1      | Reached XP level 2. HP: 13/20 MP: 5/5
   414 | D:1      | Reached XP level 3. HP: 3/26 MP: 3/6
   754 | D:1      | Reached skill level 4 in Ice Magic
   868 | D:2      | Learned a level 3 spell: Ozocubu's Armour
  1128 | D:2      | Reached XP level 4. HP: 24/33 MP: 8/8
  1241 | D:2      | Found an ancient bone altar of Kikubaaqudgha.
  1314 | D:2      | Found a faded altar of an unknown god.
  1314 | D:2      | Found a faded altar of an unknown god.
  1319 | D:2      | Found a faded altar of an unknown god.
  1321 | D:2      | Found a faded altar of an unknown god.
  1322 | D:2      | Found a deep blue altar of Sif Muna.
  1852 | D:3      | Found a basalt altar of Yredelemnul.
  2107 | D:3      | Reached skill level 5 in Ice Magic
  2226 | D:3      | Noticed a phantom
  2287 | D:3      | Reached XP level 5. HP: 11/38 MP: 5/9
  2347 | D:3      | Killed a phantom
  2347 | D:3      | Reached XP level 6. HP: 32/45 MP: 2/11
  2351 | D:3      | Noticed Grinder
  2415 | D:4      | Noticed doublebanjo's ghost (novice VSFi)
  2461 | D:5      | Entered Level 5 of the Dungeon
  2520 | D:5      | Noticed Blork the orc
  2531 | D:5      | HP: 1/45 [Blork the orc/battleaxe (19)]
  2537 | D:5      | Killed Blork the orc
  2537 | D:5      | Reached skill level 6 in Ice Magic
  2983 | D:5      | Your scales start taking on a glossy black colour.
  2983 | D:5      | Reached XP level 7. HP: 9/50 MP: 2/13
  2983 | D:5      | Gained mutation: You are resistant to electric shocks. (rElec) [Black Draconian growth]
  3019 | D:5      | Reached skill level 7 in Ice Magic
  3724 | D:6      | Noticed Sigmund
  3740 | D:6      | Killed Sigmund
  3754 | D:6      | Reached skill level 5 in Spellcasting
  3754 | D:6      | Reached skill level 8 in Ice Magic
  3895 | D:6      | Reached XP level 8. HP: 32/57 MP: 13/15
  3984 | D:6      | Found a radiant altar of Vehumet.
  4703 | D:7      | Reached skill level 9 in Ice Magic
  4861 | D:7      | Found a sand-covered staircase.
  4877 | Ossuary  | Entered an ossuary
  4889 | Ossuary  | Learned a level 4 spell: Summon Ice Beast
  5187 | Ossuary  | Reached skill level 10 in Ice Magic
  5309 | Ossuary  | Reached XP level 9. HP: 47/62 MP: 8/18
  5865 | D:7      | Found a staircase to the Ecumenical Temple.
  5870 | Temple   | Entered the Ecumenical Temple
  5906 | Temple   | Became a worshipper of Cheibriados the Contemplative
  6240 | D:8      | Noticed Joseph
  6240 | D:8      | Shot with a sling bullet by Joseph

Vault maps used:
D:1:      tarquinn_simple_flora_water_b
D:2:      lemuel_doored_altar, chequers_temple_overflow_minitemple
D:3:      old_standard_altar, first_bread, minmay_cupped, uniq_natasha,
          uniq_grinder
D:4:      serial_forest, infiniplex_forest_clump_C,
          infiniplex_forest_straight_4, infiniplex_forest_clump_diagonal,
          infiniplex_forest_3_way, infiniplex_forest_lined_3_way
D:5:      uniq_blork_the_orc
D:6:      vehumet_crystals, minmay_strange_pillars,
          kennysheep_decorative_pillar, uniq_sigmund
D:7:      serial_aquarium, aquarium_bridge_long_joined, aquarium_window_corner,
          aquarium_window_fake, aquarium_window_corner, aquarium_view_2c,
          nicolae_ossuary_entry_monument
D:8:      minmay_blocky_corners, nicolae_overflow_crystal_walls, grunt_pizzeria,
          tgw_trog, uniq_maurice, uniq_joseph
Temple:   regret_index_temple_generic_petals
Ossuary:  ossuary_minmay_scorpions

Skill      XL: |  1  2  3  4  5  6  7  8  9 |
---------------+----------------------------+-----
Ice Magic      | 4 5 6 8 10 | 10.9
Spellcasting   | 3 4 5 6 7 |  7.1
Dodging        | |  1.7
Stealth        | |  1.7
Conjurations   | |  1.0

Action                   |  1- 3 |  4- 6 |  7- 9 || total
-------------------------+-------+-------+-------++-------
Melee: Hand axe          |    41 |       |       ||    41
       Tailslap          |     7 |    15 |    48 ||    70
       Short sword       |    36 |    63 |       ||    99
       Dagger            |       |    72 |       ||    72
       Long sword        |       |    21 |   240 ||   261
 Fire: Hunting sling     |       |    26 |       ||    26
Throw: Stone             |    17 |       |       ||    17
 Cast: Freeze            |    25 |    32 |    45 ||   102
       Ozocubu's Armour  |       |     5 |    10 ||    15
       Summon Ice Beast  |       |       |     7 ||     7
 Abil: Breathe Lightning |       |       |     2 ||     2
Evoke: Wand              |       |       |     4 ||     4
  Use: Scroll            |       |     7 |       ||     7
       Potion            |       |     6 |     1 ||     7
 Stab: Sleeping          |     1 |     3 |     3 ||     7
       Distracted        |       |       |     2 ||     2
  Eat: Chunk             |     1 |     5 |     8 ||    14
       Pizza             |       |       |     2 ||     2
       Royal jelly       |       |       |     1 ||     1
       Fruit             |       |       |     1 ||     1
       Beef jerky        |       |       |     1 ||     1
       Meat ration       |       |       |     1 ||     1
Armor: Skin              |    28 |    77 |   162 ||   267
Dodge: Dodged            |    69 |   150 |   259 ||   478
       Rpst.: Long sword |       |    10 |    89 ||    99
